 Dungeon Crawl Stone Soup version 0.18-a0-5-gf1fb587 (webtiles) character file.

245 mrath the Digger (level 6, 0/32 HPs)
             Began as a Gargoyle Earth Elementalist on Nov 1, 2015.
             Killed from afar by radek's ghost (4 damage)
             ... with a magic dart
             ... on level 3 of the Dungeon.
             The game lasted 00:37:02 (4833 turns).

mrath the Digger (Gargoyle Earth Elementalist)      Turns: 4833, Time: 00:37:02

Health: 0/32       AC:  7    Str: 12    XL:     6   Next: 10%
Magic:  12/12      EV: 12    Int: 17    God:
Gold:   217        SH:  0    Dex: 10    Spells: 3 memorised, 7 levels left

rFire  . . .     SeeInvis .     u - +0 flail
rCold  . . .     Clarity  .     b - +0 robe
rNeg   + . .     SustAt   .     (no shield)
rPois  ∞         Gourm    .     F - +0 helmet
rElec  +         Spirit   .     (no cloak)
rCorr  .         Warding  .     (no gloves)
rMut   .         Stasis   .     (no boots)
MR     .....                    (no amulet)
Stlth  ++........               (no ring)
                                (no ring)

@: not resistant to hostile enchantments, unstealthy
A: negative energy resistance 1, electricity resistance, unbreathing,
petrification resistance, rot immunity, AC +4
a: no special abilities


You were on level 3 of the Dungeon.
You were not hungry.

You visited 1 branch of the dungeon, and saw 4 of its levels.

You collected 217 gold pieces.

Inventory:

Hand Weapons
 l - a +0 whip
 r - a cursed -2 short sword
 u - a +0 flail (weapon)
 v - a cursed -3 hand axe
 y - a +0 hunting sling
Missiles
 a - 129 stones
 n - 2 javelins (quivered)
 s - 4 tomahawks of returning
 D - 9 poisoned needles
 I - a throwing net
Armour
 b - a +0 robe (worn)
 F - a +0 helmet (worn)
Jewellery
 g - a cursed -3 ring of dexterity {unknown}
 i - an uncursed amulet of clarity {unknown}
 E - a +3 ring of evasion {unknown}
 L - an uncursed ring of positive energy {unknown}
Wands
 B - a wand of fire (5)
Scrolls
 h - a scroll of fog {unknown}
 j - 3 scrolls of noise {unknown}
 k - a scroll of blinking {unknown}
 o - a scroll of teleportation {unknown}
 t - 2 scrolls of identify {unknown}
 z - a scroll of enchant armour {unknown}
 A - a scroll of remove curse {unknown}
 J - 3 scrolls of magic mapping {unknown}
 K - a scroll of fear {unknown}
Potions
 e - a potion of magic {unknown}
 m - a potion of heal wounds {unknown}
 p - 2 potions of lignification {unknown}
 q - a potion of flight {unknown}
 w - a potion of brilliance {unknown}
 x - a potion of poison {unknown}
 C - 2 potions of agility {unknown}
 G - a potion of cancellation {unknown}
Books
 c - a book of Geomancy

   Spells                             Type                      Level
   a - Sandblast                      Earth                        1
   b - Stoneskin                      Transmutation/Earth          2
   c - Passwall                       Transmutation/Earth          3
   d - Stone Arrow                    Conjuration/Earth            3
   e - Petrify                        Transmutation/Earth          4
   f - Lee's Rapid Deconstruction     Earth                        5
Comestibles
 d - 2 bread rations
 f - 3 meat rations
 H - a slice of pizza


   Skills:
 - Level 1.5 Dodging
 - Level 2.1 Stealth
 * Level 4.4 Spellcasting
 + Level 1.3 Conjurations
 - Level 0.7 Transmutations
 + Level 5.5 Earth Magic


You had 7 spell levels left.
You knew the following spells:

 Your Spells              Type           Power        Failure   Level  Hunger
a - Sandblast             Erth           ###...       1%          1    None
b - Stoneskin             Trmt/Erth      ##......     10%         2    ##.....
c - Stone Arrow           Conj/Erth      ###...       12%         3    ###....


Dungeon Overview and Level Annotations

Branches:
Dungeon (4/15)
 Temple: D:4-7

Altars:
Makhleb
Nemelex Xobeh

Annotations:
D:3 radek's ghost, amateur DECj
D:4 Eustachio; Goblin1989's ghost, novice GrGl


Innate Abilities, Weirdness & Mutations

You are resistant to torment.
Your stone body is resilient (AC +4).
You are immune to poison.
You resist negative energy.
You are resistant to electric shocks.
You can survive without breathing.
You are immune to petrification.
You are immune to rotting.


Message History

Goblin1989's ghost misses you.
There is a stone staircase leading up here.
Goblin1989's ghost hits you but does no damage.
Eustachio mumbles some strange words.
You climb upwards.
Level annotation: radek's ghost, amateur DECj Radek's ghost casts a spell at you.
The magic dart hits you!
There is a stone staircase leading down here.
Radek's ghost gestures at you while chanting.
The magic dart hits you!
You see here a great mace.
Radek's ghost casts a spell at you. The magic dart hits you!
Radek's ghost points at you and mumbles some strange words.
The magic dart hits you!
* * * LOW HITPOINT WARNING * * *
Radek's ghost gestures at you while chanting.
The magic dart hits you!
You die...

#...# # #...# #
##########...##### #
...^.........W.W.# #
#....###...#####.# ## #.##.#
#...#####.###############.
#.##.###.........................
..##....>....)...................
################@###############.
#.# #########. #.# #..W..W... #.#
#.######## #.##### #.#.<..# #
#.#...###.#..#.# #
########.......#.#..#.###
#............#.#.###.....
#........[#.<# #.# #.....


You could see radek's ghost.

Vanquished Creatures
  Ijyb (D:2)
  Terence (D:2)
  2 iguanas (D:4)
  A hound skeleton (D:4)
  4 adders
  An ooze (D:1)
  4 worms
  4 giant geckos
  6 bats
  2 giant cockroaches
  4 hobgoblins
  7 jackals (D:2)
  9 kobolds
  4 quokkas
  15 giant newts
  11 goblins
  5 rats
81 creatures vanquished.

Notes
Turn   | Place    | Note
--------------------------------------------------------------
     0 | D:1      | mrath the Gargoyle Earth Elementalist began the quest for the Orb.
     0 | D:1      | Reached XP level 1. HP: 10/10 MP: 3/3
   212 | D:1      | Reached skill level 4 in Earth Magic
   240 | D:1      | Reached XP level 2. HP: 15/15 MP: 3/5
   982 | D:1      | Reached XP level 3. HP: 19/19 MP: 5/7
  1183 | D:2      | Found a burning altar of Makhleb.
  1326 | D:2      | Noticed Terence
  1344 | D:2      | Killed Terence
  1344 | D:2      | Reached XP level 4. HP: 24/24 MP: 0/9
  1677 | D:2      | Found a sparkling altar of Nemelex Xobeh.
  2478 | D:2      | Noticed Ijyb
  2486 | D:2      | Killed Ijyb
  2486 | D:2      | Reached skill level 5 in Earth Magic
  2486 | D:2      | Reached XP level 5. HP: 19/28 MP: 4/10
  2931 | D:3      | Learned a level 2 spell: Stoneskin
  2935 | D:3      | Learned a level 3 spell: Stone Arrow
  2937 | D:3      | Noticed radek's ghost (amateur DECj)
  3954 | D:4      | HP: 1/28 [iguana (8)]
  4407 | D:4      | Noticed an orc warrior
  4458 | D:4      | Reached skill level 1 in Conjurations
  4458 | D:4      | Reached XP level 6. HP: 30/32 MP: 6/12
  4659 | D:4      | Noticed Goblin1989's ghost (novice GrGl)
  4662 | D:4      | Noticed Eustachio
  4833 | D:3      | Killed from afar by radek's ghost

Vault maps used:
D:1:      wheals_arrival_linesprint, st_stairs_14, minmay_lizard_king
D:2:      kennysheep_goblin_castle, lemuel_round_altar,
          nemelex_spade_bored_becter, uniq_terence
D:3:      first_bread
D:4:      temple_statues, uniq_eustachio

Action                   |  1- 3 |  4- 6 || total
-------------------------+-------+-------++-------
Melee: Whip              |     3 |       ||     3
       Flail             |       |    55 ||    55
Throw: Javelin           |       |    29 ||    29
       Stone             |       |     4 ||     4
 Cast: Sandblast         |    46 |    86 ||   132
       Stoneskin         |       |     2 ||     2
 Stab: Sleeping          |       |     1 ||     1
  Eat: Chunk             |     2 |     5 ||     7
       Pizza             |       |     1 ||     1
       Bread ration      |       |     1 ||     1
       Beef jerky        |       |     1 ||     1
